 Dungeon Crawl Stone Soup version 0.29.1-15-g9cfb28693d (webtiles) character file.

Game seed: 13782639401637092194

1536 Heoruswealwe the Thaumaturge (level 8, -9/41 HPs)
             Began as a Deep Elf Summoner on Feb 28, 2023.
             Mangled by Duvessa
             ... wielding a +3 short sword of flaming
              (15 damage)
             ... on level 5 of the Dungeon.
             The game lasted 01:14:38 (6518 turns).

Heoruswealwe the Thaumaturge (Deep Elf Summoner)    Turns: 6518, Time: 01:14:39

Health: -9/41      AC:  3    Str:  5    XL:     8   Next: 56%
Magic:  13/24      EV: 13    Int: 42    God:
Gold:   198        SH:  0    Dex: 22    Spells: 23/27 levels left

rFire   x x .      SeeInvis +   J - +1 war axe "Killer Klown's Regret" {elec, rF- Int+10 Dex+7 Stlth-}
rCold   . . .      Faith    .   (no shield)
rNeg    . . .      Spirit   .   v - +0 robe of the Other World {-Tele rF- Regen+ Int+9}
rPois   .          Reflect  .   (no helmet)
rElec   .          Harm     .   (no cloak)
rCorr   .          Rampage  .   (no gloves)
Will    .....      NoTele   +   a - +0 pair of boots
Stlth   ++........              (no amulet)
HPRegen 0.93/turn               C - ring of see invisible
MPRegen 0.19/turn               r - ring of flight

@: flying
A: no striking features
a: no special abilities


You were on level 5 of the Dungeon.
You visited 1 branch of the dungeon, and saw 5 of its levels.

You collected 206 gold pieces.
You donated 8 gold pieces to Zin.

Inventory:

Hand Weapons
 c - a +0 short sword
 e - a +0 dagger
 h - a +0 mace
 i - a +0 dagger
 l - a +0 short sword
 o - a +0 dagger
 p - a +0 short sword
 s - a +0 club
 y - a +0 short sword
 B - a +0 hand axe
 D - a +0 whip
 G - a +0 rapier
 J - the +1 war axe "Killer Klown's Regret" (weapon) {elec, rF- Int+10 Dex+7 Stlth-}
   (You found it on level 3 of the Dungeon)

   It occasionally discharges a powerful burst of electricity upon striking a
   foe.
   Int:       It affects your intelligence (+10).
   Dex:       It affects your dexterity (+7).
   rF:        It makes you vulnerable to fire.
   Stlth:     It makes you less stealthy.
 K - a +0 giant club
 Q - a +1 vorpal flail
Missiles
 A - 9 stones
Armour
 a - a +0 pair of boots (worn)
 f - a +0 robe
 j - a +0 robe
 k - the +1 robe "Qozeang" {rC+ rN+ Int+7}
   (You found it on level 2 of the Dungeon)

   Int:       It affects your intelligence (+7).
   rC:        It protects you from cold.
   rN:        It protects you from negative energy.
 n - a +0 robe
 v - the +0 robe of the Other World (worn) {-Tele rF- Regen+ Int+9}
   (You found it on level 4 of the Dungeon)

   Int:       It affects your intelligence (+9).
   rF:        It makes you vulnerable to fire.
   -Tele:     It prevents most forms of teleportation.
   Regen:     It increases your rate of health regeneration.
 w - a +0 leather armour
 H - a +3 leather armour of fire resistance
 I - a +0 ring mail
 R - a +3 ring mail of poison resistance
 S - a +0 robe
Jewellery
 r - a ring of flight (right hand)
 t - a ring of see invisible
 C - a ring of see invisible (left hand)
 F - a ring of poison resistance
Wands
 g - a wand of flame (4)
 x - a wand of digging (6)
Scrolls
 d - a scroll of fear
 q - a scroll of identify
 u - a scroll of enchant armour
 M - a scroll of blinking
 N - 3 scrolls of poison
 O - a scroll of summoning {unknown}
 P - a scroll of fog {unknown}
Potions
 b - 2 potions of magic
 m - 3 potions of invisibility
 z - a potion of flight
 E - 2 potions of brilliance
 L - 2 potions of heal wounds


   Skills:
 - Level 2.4 Dodging
 - Level 2.4 Stealth
 + Level 10.4 Spellcasting
 + Level 9.4 Summonings


You had 23 spell levels left.
You knew the following spells:

 Your Spells              Type           Power      Damage    Failure   Level
a - Summon Small Mammal   Summ           100%       N/A       1%          1
b - Call Canine Familiar  Summ           79%        N/A       1%          3

Your spell library contained the following spells:

 Spells                   Type           Power      Damage    Failure   Level
 Magic Dart               Conj           84%        1d7       1%          1
 Call Imp                 Summ           79%        N/A       1%          2
 Summon Guardian Golem    Hex/Summ       57%        N/A       1%          3
 Summon Lightning Spire   Summ/Air       57%        N/A       1%          4
 Sublimation of Blood     Necr           21%        N/A       2%          2
 Wereblood                Tmut           21%        N/A       2%          2
 Gell's Gravitas          Tloc           21%        N/A       4%          3
 Lesser Beckoning         Tloc           21%        N/A       4%          3
 Mephitic Cloud           Conj/Pois/Air  21%        N/A       4%          3
 Teleport Other           Tloc           21%        N/A       4%          3
 Summon Hydra             Summ           39%        N/A       26%         7


Dungeon Overview and Level Annotations

Branches:
Dungeon (5/15)
 Temple: D:4-7

Altars:
Ashenzari
Vehumet
Zin

Annotations:
D:5 Duvessa


Message History

Duvessa hits your warg with a +3 short sword of flaming.
Duvessa burns your warg.
Dowan gestures at Duvessa while chanting.
Duvessa seems to speed up.
Duvessa hits your warg with a +3 short sword of flaming!
Duvessa burns your warg.
Your warg dies!
Your warg's corpse disappears in a puff of smoke!
Dowan mumbles some strange words.
Dowan blinks!
You swap places.
Duvessa hits your warg with a +3 short sword of flaming!
Duvessa burns your warg.
Your warg bites Duvessa.
Duvessa hits your warg with a +3 short sword of flaming!
Duvessa burns your warg.
Your warg bites Duvessa!
Duvessa hits your warg with a +3 short sword of flaming!
Duvessa burns your warg.
Your warg dies!
Your warg's corpse disappears in a puff of smoke!
Duvessa shouts!
Duvessa hits you with a +3 short sword of flaming!
Duvessa burns you.
Your warg bites Duvessa.
Duvessa hits you with a +3 short sword of flaming!
Duvessa burns you. Duvessa attacks as you move away!
Duvessa closely misses you.
Your warg closely misses Duvessa.
Your warg bites Dowan!
Dowan dies!
Duvessa weeps, and shakes her weapon.
Duvessa goes berserk!
Duvessa barely misses you.
Duvessa hits you with a +3 short sword of flaming!
* * * LOW HITPOINT WARNING * * *
Duvessa burns you.
* * * LOW HITPOINT WARNING * * *
There is an open door here.
Casting: Call Canine Familiar (safe; 1% risk of failure)
Confirm with . or Enter, or press ? or * to list all spells.
Duvessa hits you with a +3 short sword of flaming!
You die...

###.##################
###.###...#.......#..#
..........#.......#..#
..........'.......#..#
..........#.......#..#
..........#.......#..#
..........#.......#..#
##..##..###......r#..#
#..##..#......#@##..#
+......+......#.e...#
#......#......#..h..#
#.###.##......####..#
...$..##.##..#
......'....).#
......#......# .....
#......# .... #......#


You could see Duvessa (berserk, fast, ally target), a friendly warg (summoned)
and a friendly quokka (summoned).

Vanquished Creatures
  A phantom (D:5)
  A hound (D:4)
  A ball python (D:1)
  2 bats
  An endoplasm (D:4)
  A kobold (D:2)
7 creatures vanquished.

Vanquished Creatures (collateral kills)
  Prince Ribbit (D:5)
  Sigmund (D:2)
  Eustachio (D:5)
  Edmund (D:5)
  An ogre (D:5)
  A phantom (D:5)
  2 necrophages
  Dowan (D:5)
  2 orc priests
  Ijyb (D:3)
  4 iguanas
  Natasha (thrice) (D:2)
  Terence (D:3)
  4 orc wizards
  5 adders
  5 worms
  2 dart slugs (D:1)
  6 orcs
  6 endoplasms
  4 giant cockroaches
  5 goblins
  3 hobgoblins
  3 jackals (D:1)
  4 kobolds
  2 quokkas
  8 ball pythons
  A bat (D:2)
  3 frilled lizards
81 creatures vanquished.

Vanquished Creatures (others)
  A fungus (D:2)
  2 plants (D:2)
3 creatures vanquished.

Grand Total: 91 creatures vanquished

Notes
Turn   | Place    | Note
-------+----------+-------------------------------------------
     0 | D:1      | Heoruswealwe the Deep Elf Summoner began the quest for the
                  | Orb.
     0 | D:1      | Reached XP level 1. HP: 10/10 MP: 6/6
   309 | D:1      | Reached XP level 2. HP: 12/15 MP: 5/8
   798 | D:1      | Reached skill level 4 in Spellcasting
   919 | D:1      | Reached skill level 5 in Summonings
   919 | D:1      | Reached XP level 3. HP: 7/19 MP: 7/10
  1674 | D:1      | Learned a level 3 spell: Call Canine Familiar
  1718 | D:2      | Identified the +1 robe "Qozeang" {rC+ rN+ Int+7}
  2036 | D:2      | Found a faded altar of an unknown god.
  2060 | D:2      | Prayed at the altar of an unknown god.
  2060 | D:2      | Became a worshipper of Zin the Law-Giver
  2060 | D:2      | Reached * piety under Zin
  2062 | D:2      | Fell from the grace of Zin
  2197 | D:2      | Noticed Sigmund
  2205 | D:2      | Killed Sigmund
  2206 | D:2      | Reached skill level 5 in Spellcasting
  2206 | D:2      | Reached XP level 4. HP: 16/24 MP: 7/13
  2206 | D:2      | Reached XP level 5. HP: 19/28 MP: 8/15
  2223 | D:2      | Noticed Natasha
  2226 | D:2      | Reached skill level 6 in Spellcasting
  2239 | D:2      | Killed Natasha
  2278 | D:2      | Noticed Natasha
  2285 | D:2      | Killed Natasha
  2482 | D:2      | Noticed Natasha
  2488 | D:2      | Killed Natasha
  2489 | D:2      | Reached XP level 6. HP: 20/32 MP: 13/17
  3317 | D:3      | Noticed Ijyb
  3340 | D:3      | Killed Ijyb
  3444 | D:3      | Found a broken altar of Ashenzari.
  3577 | D:3      | Noticed Terence
  3598 | D:3      | Killed Terence
  3626 | D:3      | Reached skill level 7 in Spellcasting
  3649 | D:3      | Found a radiant altar of Vehumet.
  3769 | D:3      | Identified the +2 leather armour of Watchfulness {rN+}
  4006 | D:3      | Identified the +1 war axe "Killer Klown's Regret" {elec,
                  | rF- Int+10 Dex+7 Stlth-}
  4558 | D:4      | Reached XP level 7. HP: 32/36 MP: 20/20
  4906 | D:4      | Identified the +0 robe of the Other World {-Tele rF- Regen+
                  | Int+9}
  5047 | D:4      | Reached skill level 8 in Spellcasting
  5598 | D:5      | Entered Level 5 of the Dungeon
  5817 | D:5      | Noticed Prince Ribbit
  5821 | D:5      | Killed Prince Ribbit
  5822 | D:5      | Reached skill level 9 in Spellcasting
  5881 | D:5      | Reached XP level 8. HP: 29/41 MP: 20/23
  6011 | D:5      | Noticed Eustachio
  6031 | D:5      | Killed Eustachio
  6246 | D:5      | Reached skill level 10 in Spellcasting
  6431 | D:5      | Noticed Edmund
  6437 | D:5      | Killed Edmund
  6490 | D:5      | Noticed Duvessa
  6490 | D:5      | Noticed Dowan
  6515 | D:5      | Killed Dowan
  6518 | D:5      | Mangled by Duvessa

Illustrated notes

Levels and vault maps discovered:
D:1:      dpeg_arrival_rooms_c, layout_loops_ring,
          hangedman_abyss_or_decor_stabs
D:2:      layout_basic, shapermc_ecumenical_altar_petra,
          kennysheep_generic_room_16, uniq_natasha, uniq_sigmund
D:3:      layout_loops_ring, ashenzari_altar_1,
          mainiacjoe_overflow_six_doors_small, dk_noncrumbling_3, uniq_terence,
          uniq_ijyb
D:4:      layout_loops_ring
D:5:      minmay_evil_eye, layout_gridville, uniq_eustachio, uniq_duvessa,
          uniq_prince_ribbit1, uniq_edmund

Skill      XL: |  1  2  3  4  5  6  7  8 |
---------------+-------------------------+-----
Spellcasting   | 4 5 6 7 9 10 | 10.4
Summonings     | 5 6 7 8 9 |  9.4
Dodging        | |  2.4
Stealth        | |  2.4

Action                   |  1- 3 |  4- 6 |  7- 9 || total
-------------------------+-------+-------+-------++-------
Melee: Short sword       |    35 |    10 |       ||    45
       Punch             |     1 |       |       ||     1
       War axe           |       |     1 |    28 ||    29
 Cast: Summon Small Mamm |    35 |       |     1 ||    36
       Call Canine Famil |     4 |    11 |    16 ||    31
Invok: Renounce Religion |     1 |       |       ||     1
  Use: Scroll            |     5 |     3 |     1 ||     9
       Potion            |     2 |     5 |       ||     7
 Stab: Sleeping          |     1 |       |     1 ||     2
       Distracted        |       |       |     1 ||     1
Armor: Robe              |     7 |       |     6 ||    13
Dodge: Dodged            |    19 |    13 |    22 ||    54
